 Dungeon Crawl Stone Soup version 0.19-a0-1051-gdb7e7f8 (webtiles) character file.

70 Rome the Skirmisher (level 4, 0/37 HPs)
             Began as a Demonspawn Abyssal Knight on Aug 2, 2016.
             Was a Believer of Lugonu.
             Slain by Sigmund
             ... wielding a +0 scythe
              (12 damage)
             ... on level 3 of the Dungeon.
             The game lasted 00:11:28 (1588 turns).

Rome the Skirmisher (Demonspawn Abyssal Knight)     Turns: 1588, Time: 00:11:35

Health: 0/37       AC:  7    Str: 12    XL:     4   Next: 4%
Magic:  6/6        EV: 11    Int: 17    God:    Lugonu [**....]
Gold:   34         SH:  0    Dex: 13    Spells: 0 memorised, 3 levels left

rFire  . . .     SeeInvis .     a - +2 hand axe
rCold  . . .     Gourm    .     b - +0 leather armour
rNeg   . . .     Faith    .     (no shield)
rPois  .         Spirit   .     f - +1 helmet {Int+3}
rElec  .         Dismiss  .     g - +0 cloak
rCorr  .         Reflect  .     (no gloves)
SustAt .         Harm     .     (no boots)
MR     .....                    (no amulet)
Stlth  +.........               (no ring)
                                (no ring)

@: not resistant to hostile enchantments, very unstealthy
A: hooves 1, yellow scales 1, deformed body, powered by death 1, subdued magic 1
a: Depart the Abyss, Bend Space, Renounce Religion


You were on level 3 of the Dungeon.
You worshipped Lugonu.
Lugonu was pleased with you.
You were hungry.

You visited 1 branch of the dungeon, and saw 3 of its levels.
You visited the Abyss 1 time.

You collected 34 gold pieces.

Inventory:

Hand Weapons
 a - a +2 hand axe (weapon)
Missiles
 d - 8 poisoned needles
 e - 25 bolts
 h - 25 arrows
Armour
 b - a +0 leather armour (worn)
 f - a +1 helmet of intelligence (worn)
 g - a +0 cloak (worn)
Scrolls
 i - 2 scrolls of remove curse
Potions
 k - a potion of degeneration {unknown}
Comestibles
 c - a bread ration
 j - 2 fruits


   Skills:
 + Level 3.7 Fighting
 + Level 2.4 Axes
 + Level 2.4 Armour
 + Level 1.2 Dodging
 + Level 0.2 Stealth
 + Level 2.8 Invocations


You had 3 spell levels left.
You didn't know any spells.

Dungeon Overview and Level Annotations

Branches:
Dungeon (3/15)

Altars:
Dithmenos

Annotations:
D:2 Jessica
D:3 Sigmund


Innate Abilities, Weirdness & Mutations

You are partially covered in yellow scales. (AC +2)
You regenerate a little health from kills.
You have large cloven feet.
Armour fits poorly on your strangely shaped body.
Your spells are a little easier to cast, but a little less powerful.


Message History

Sigmund flickers and vanishes!
Deactivating autopickup; reactivate with Ctrl-A.
You see here a club.
The giant frog zombie hits you. The giant frog zombie hits you.
You are feeling hungry.
The giant frog zombie closely misses you.
Found 7 gold pieces.
The giant frog zombie hits you.
The giant frog zombie hits you but does no damage.
The giant frog zombie completely misses you.
The giant frog zombie barely misses you.
The giant frog zombie hits you.
You slash the giant frog zombie!
You kick the giant frog zombie, but do no damage.
The giant frog zombie is moderately damaged.
The giant frog zombie hits you but does no damage.
The giant frog zombie closely misses you.
Something hits you!
You die...

..........###..........#
........@..........$...#
......!.(.(##).........#
..........).#..........#
........###)##........#
..(......##..........#
[....##..............####
..................).....###
............@.####...##...#
.........#.##Z# ##...###.#
.....#..#{# ##..###.# ....
#....### ##.....# ....
#......# #....##
.....#....#####....#
##...........###...#
#.#########.......# #.
#####...#


You could see a giant frog zombie.

Vanquished Creatures
  2 adders (D:2)
  2 oozes
  2 dart slugs
  An orc (D:3)
  2 bats
  4 giant cockroaches (D:1)
  6 goblins
  5 hobgoblins
  6 kobolds
  2 giant newts
  7 rats
39 creatures vanquished.

Notes
Turn   | Place    | Note
-------+----------+-------------------------------------------
     0 | Abyss:1  | Rome the Demonspawn Abyssal Knight began the quest for the Orb.
     0 | Abyss:1  | Reached XP level 1. HP: 18/18 MP: 2/2
    61 | Abyss:1  | Noticed a large abomination
    63 | D:1      | Escaped the Abyss
   307 | D:1      | Reached * piety under Lugonu
   307 | D:1      | Gained mutation: You are partially covered in yellow scales. (AC +2) [demonic ancestry]
   307 | D:1      | Reached XP level 2. HP: 16/24 MP: 3/3
   949 | D:2      | Reached skill level 1 in Dodging
   949 | D:2      | Reached XP level 3. HP: 22/29 MP: 5/5
  1112 | D:2      | Gained mutation: Armour fits poorly on your strangely shaped body. [potion of mutation]
  1112 | D:2      | Gained mutation: Your spells are a little easier to cast, but a little less powerful. [potion of mutation]
  1112 | D:2      | Gained mutation: You have large cloven feet. [potion of mutation]
  1267 | D:2      | Found a shadowy altar of Dithmenos.
  1302 | D:2      | Reached ** piety under Lugonu
  1307 | D:2      | Noticed Jessica
  1546 | D:3      | Noticed Sigmund
  1547 | D:3      | Gained mutation: You regenerate a little health from kills. [demonic ancestry]
  1547 | D:3      | Reached XP level 4. HP: 24/37 MP: 6/6
  1588 | D:3      | Slain by Sigmund

Vault maps used:
D:1:      dpeg_arrival_simpleton_c
D:2:      grunt_dithmenos_smoke, uniq_jessica
D:3:      uniq_sigmund

Skill      XL: |  1  2 |
---------------+-------+-----
Armour         | 2 |  2.4
Axes           | 2 |  2.4
Dodging        | 1 |  1.2
Fighting       | |  3.7
Stealth        | |  0.2
Invocations    | |  2.8

Action                   |  1- 3 |  4- 6 || total
-------------------------+-------+-------++-------
Melee: Hand axe          |   110 |     3 ||   113
       Kick              |     7 |     2 ||     9
Invok: Depart the Abyss  |     1 |       ||     1
  Use: Scroll            |     4 |       ||     4
       Potion            |     1 |       ||     1
 Stab: Sleeping          |     1 |       ||     1
  Eat: Fruit             |     2 |       ||     2
Armor: Leather armour    |    34 |     2 ||    36
Dodge: Dodged            |    67 |     5 ||    72
